 Dungeon Crawl Stone Soup version 0.29.1-1-gd02db6906a (webtiles) character file.

Game seed: 6232147509662059935

162 safid the Shooter (level 5, -9/46 HPs)
             Began as a Minotaur Hunter on Sept 17, 2022.
             Mangled by an iguana (11 damage)
             ... on level 3 of the Dungeon.
             The game lasted 00:03:36 (2434 turns).

safid the Shooter (Minotaur Hunter)                 Turns: 2434, Time: 00:03:36

Health: -9/46      AC:  6    Str: 16    XL:     5   Next: 19%
Magic:  4/4        EV: 13    Int:  6    God:
Gold:   195        SH:  0    Dex: 15    Spells: 4/4 levels left

rFire   + . .      SeeInvis .   a - +0 shortbow
rCold   . . .      Faith    .   (shield currently unavailable)
rNeg    . . .      Spirit   .   v - +3 leather armour
rPois   .          Reflect  .   (helmet restricted)
rElec   .          Harm     .   (no cloak)
rCorr   .          Rampage  .   (no gloves)
Will    .....                   (no boots)
Stlth   +.........              (no amulet)
HPRegen 0.15/turn               k - ring of protection from fire
MPRegen 0.09/turn               (no ring)

@: no status effects
A: horns 2, retaliatory headbutt
a: no special abilities


You were on level 3 of the Dungeon.
You visited 1 branch of the dungeon, and saw 4 of its levels.

You collected 195 gold pieces.

Inventory:

Hand Weapons
 a - a +0 shortbow (weapon)
Armour
 v - a +3 leather armour (worn)
Jewellery
 k - a ring of protection from fire (left hand)
Wands
 b - a wand of flame (17)
Scrolls
 d - 4 scrolls of identify {unknown}
 g - 2 scrolls of teleportation {unknown}
 h - 3 scrolls of fear {unknown}
 j - a scroll of poison {unknown}
 l - a scroll of summoning {unknown}
 m - 3 scrolls of enchant armour {unknown}
 r - a scroll of amnesia {unknown}
 s - a scroll of enchant weapon {unknown}
 t - a scroll of magic mapping {unknown}
Potions
 e - 2 potions of cancellation {unknown}
 f - a potion of ambrosia {unknown}
 i - 3 potions of curing {unknown}
 n - a potion of resistance {unknown}
 o - a potion of attraction {unknown}
 p - a potion of berserk rage {unknown}
 q - a potion of degeneration {unknown}
 u - a potion of brilliance {unknown}


   Skills:
 + Level 4.2 Fighting
 + Level 5.4 Ranged Weapons
 + Level 3.9 Dodging
 - Level 0.7 Stealth


You had 4 spell levels left.
You didn't know any spells.
Your spell library contained the following spells:

 Spells                   Type           Power      Damage    Failure   Level
 Sting                    Tmut/Pois      0%         1d3       52%         1
 Poisonous Vapours        Pois/Air       0%         N/A       67%         2
 Olgreb's Toxic Radiance  Pois           0%         N/A       99%         4


Dungeon Overview and Level Annotations

Branches:
Dungeon (4/15)
 Temple: D:4-7

Altars:
Dithmenos
Yredelemnul

Shops:
D:3 *


Innate Abilities, Weirdness & Mutations

You have a pair of horns on your head.
You reflexively headbutt those who attack you in melee.


Message History

The orc misses you.
You shoot an arrow.
The arrow hits the orc but does no damage.
The orc is severely wounded.
The orc priest looks satisfied for a moment.
The orc hits you with a +0 short sword.
You shoot an arrow. The arrow hits the orc.
You kill the orc!
The orc hits you with a +0 club.
You shoot an arrow.
The arrow hits the orc but does no damage.
The orc barely misses you. You furiously retaliate!
You headbutt the orc.
You kill the orc!
You shoot an arrow.
The arrow hits the iguana but does no damage.
You shoot an arrow. The arrow hits the iguana.
The iguana is moderately wounded.
The iguana bites you but does no damage.
The iguana bites you!
You are too injured to fight recklessly!
You are too injured to fight recklessly!
The iguana attacks as you move away! The iguana misses you.
The iguana attacks as you move away!
The iguana bites you but does no damage.
The iguana attacks as you move away! The iguana bites you!
The iguana attacks as you move away! The iguana bites you!
* * * LOW HITPOINT WARNING * * *
There is a stone staircase leading up here.
The iguana bites you.
* * * LOW HITPOINT WARNING * * *
You climb upwards.
There is a stone staircase leading down here.
Fire: a) +0 shortbow
Press: ? - help, Q - select action, (/) - cycle Shift-Dir - straight line, f - iguana
Aim: an iguana (moderately wounded, 66% to hit)
You shoot an arrow.
The arrow hits the iguana but does no damage.
The iguana is moderately wounded.
The iguana bites you!
You die...

####.#...#### ##....#.≈≈...
# #..##....# #..####.≈≈._.
# ##..####.###### ##.##
#.≈≈... # ##..# #......#
#..# #.≈.≈≈≈
#######.####.###.###.##
#.≈....
?.....#..###.[##.##..#
###..≈≈≈≈
#####..#...(...#....##
#..######
##....##.#..#...#####.##..#
####.##....@.....#......###
##...###l..#............##
#........#.###...######.(.
#............##...#####...
#.................<.......
##......).####.###.###.....
#........## #...#.........
# #........# ###.#.###.....
# #........# #.....##....


You could see an iguana.

Vanquished Creatures
  An orc priest (D:2)
  Natasha (twice) (D:2)
  2 adders
  A worm (D:3)
  2 dart slugs
  5 orcs
  6 ball pythons
  4 bats
  4 endoplasms
  3 giant cockroaches
  3 goblins (D:1)
  3 hobgoblins
  2 jackals (D:3)
  8 kobolds
  A quokka (D:3)
  A frilled lizard (D:3)
  7 rats
55 creatures vanquished.

Notes
Turn   | Place    | Note
-------+----------+-------------------------------------------
     0 | D:1      | safid the Minotaur Hunter began the quest for the Orb.
     0 | D:1      | Reached XP level 1. HP: 18/18 MP: 0/0
    57 | D:1      | Reached XP level 2. HP: 23/25 MP: 1/1
   634 | D:1      | Found a faded altar of an unknown god.
   935 | D:2      | Reached XP level 3. HP: 31/31 MP: 2/2
  1008 | D:2      | Found a shadowy altar of Dithmenos.
  1150 | D:2      | Noticed Natasha
  1157 | D:2      | Killed Natasha
  1158 | D:2      | Reached skill level 5 in Ranged Weapons
  1334 | D:3      | Found a basalt altar of Yredelemnul.
  1366 | D:3      | Reached XP level 4. HP: 34/39 MP: 3/3
  1443 | D:3      | Found Gutoym's Assorted Antiques.
  1694 | D:2      | Noticed Natasha
  1698 | D:2      | Killed Natasha
  1759 | D:2      | Reached XP level 5. HP: 20/46 MP: 4/4
  2432 | D:4      | HP: 1/46 [iguana (3)]
  2434 | D:3      | Mangled by an iguana

Illustrated notes

Levels and vault maps discovered:
D:1:      psy_arrival_dodecagon, layout_loops_corners,
          hellmonk_ecumenical_altar_prayer_group
D:2:      layout_rooms, basic_altar, minmay_tall_x, uniq_natasha
D:3:      layout_rooms, mainiacjoe_overflow_paths, serial_shops,
          nicolae_diamond_shop
D:4:      layout_loops_ring, jmf_multi_god_temple2,
          amethyst_overflow_temple_binary, gammafunk_ghost_cemetery

Skill      XL: |  1  2  3  4 |
---------------+-------------+-----
Fighting       | 3 4 |  4.2
Ranged Weapons | 5 |  5.4
Dodging        | 3 |  3.9
Stealth        | |  0.7

Action                   |  1- 3 |  4- 6 || total
-------------------------+-------+-------++-------
 Fire: Shortbow          |    87 |    70 ||   157
Armor: Leather armour    |    15 |     9 ||    24
Dodge: Dodged            |    19 |    29 ||    48
